 Dungeon Crawl Stone Soup version 0.22-a0-425-g89d60a1 (webtiles) character file.

139 Gorglomux the Skirmisher (level 5, 38/48 HPs)
             Began as a Minotaur Abyssal Knight on May 22, 2018.
             Was a Believer of Lugonu.
             Quit the game on level 2 of the Dungeon on May 24, 2018.
             The game lasted 00:01:47 (1343 turns).

Gorglomux the Skirmisher (Minotaur Abyssal Knight)  Turns: 1343, Time: 00:01:47

Health: 38/48      AC: 11    Str: 16    XL:     5   Next: 1%
Magic:  5/5        EV:  7    Int:  9    God:    Lugonu [**....]
Gold:   69         SH:  0    Dex: 11    Spells: 4/4 levels left

rFire    . . .     SeeInvis .   a - +1 hand axe
rCold    . . .     Gourm    .   (no shield)
rNeg     . . .     Faith    .   g - +0 chain mail
rPois    .         Spirit   .   (helmet restricted)
rElec    .         Reflect  .   (no cloak)
rCorr    .         Harm     .   o - +1 pair of gloves
MR       .....                  (no boots)
Stlth    ..........             (no amulet)
HPRegen  0.16/turn              (no ring)
MPRegen  0.09/turn              (no ring)

@: drained
A: retaliatory headbutt, horns 2
a: Depart the Abyss, Bend Space, Renounce Religion


You were on level 2 of the Dungeon.
You worshipped Lugonu.
Lugonu was pleased with you.
You were not hungry.

You visited 1 branch of the dungeon, and saw 2 of its levels.
You visited the Abyss 1 time.

You collected 69 gold pieces.

Inventory:

Hand Weapons
 a - a +1 hand axe (weapon)
Armour
 g - a +0 chain mail (worn)
 o - a +1 pair of gloves (worn)
Jewellery
 q - an uncursed ring of protection from magic {unknown}
Scrolls
 f - 2 scrolls of magic mapping {unknown}
 h - a scroll of amnesia {unknown}
 k - a scroll of teleportation {unknown}
 l - a scroll of enchant armour {unknown}
 m - a scroll of blinking {unknown}
Potions
 e - 2 potions of ambrosia {unknown}
 j - a potion of flight {unknown}
 n - a potion of brilliance {unknown}
Comestibles
 c - a ration
 p - 2 chunks of flesh


   Skills:
 + Level 5.0(4.5) Fighting
 + Level 4.1(3.7) Axes
 + Level 4.1(3.6) Armour
 - Level 1.1(0.7) Dodging
 - Level 1.7(1.3) Invocations


You had 4 spell levels left.
You didn't know any spells.
Your spell library was empty.

Dungeon Overview and Level Annotations

Branches:
Dungeon (2/15)

Altars:


Innate Abilities, Weirdness & Mutations

You reflexively headbutt those who attack you in melee.
You have a pair of horns on your head.


Message History

The bat closely misses you! The goblin hits you but does no damage!
You chop the goblin into butts!
The butt is severely wounded!
You slice the bat like a ripe choko!
You annihilate the bat!!!
Lugonu roars: ANNIHILATED!
You have reached level 5!!!
The goblin hits you but does no damage!
You closely miss the goblin!
The goblin is severely wounded!
The goblin hits you but does no damage!
Butt open the goblin like a pillowcase!!!
You annihilate the goblin!!!
Lugonu roars: ANNIHILATED!
Butt butt in view!!!
Saving game!!! please wait!
Butt butt, Gorglomux the Minotaur Abyssal Knight!
Lugonu says: Spread carnage and corruption!!!
Press ? for a list of commands and other information!
Are you sure butt want to abandon this character and quit the game? (Confirm with "yes"!)

## #......##### .# #..........# .
.#### .#########..≈)≈.#
.#....###.#........#.≈⌠..#
.##...#..#..#.###.......≈≈.# .#
.....#....##.#............# .##.
#.##...#.....<...........# ..$
#......#.######..........# .
#.###).#.##...@........###...#
..#......#.....########### #...#
##...#.##..#'#......########...#
.....#.....).....#........)....#
.#.##..#.........#............
#...............#............###
#..#....#........#...............
.. ######........##.##...........
# #........##.##...........


There were no monsters in sight!

Vanquished Creatures
  A wight (D:2)
  5 adders (D:2)
  A dart slug (D:1)
  8 bats
  3 giant cockroaches (D:1)
  6 hobgoblins
  5 kobolds
  A quokka (D:2)
  A ball python (D:1)
  8 frilled lizards
  9 goblins
  5 rats (D:1)
53 creatures vanquished.

Notes
Turn   | Place    | Note
-------+----------+-------------------------------------------
     0 | Abyss:1  | Gorglomux the Minotaur Abyssal Knight began the quest for the Orb.
     0 | Abyss:1  | Reached XP level 1. HP: 19/19 MP: 1/1
    17 | D:1      | Escaped the Abyss
   279 | D:1      | Reached XP level 2. HP: 26/27 MP: 2/2
   367 | D:1      | Reached skill level 4 in Fighting
   367 | D:1      | Reached skill level 3 in Axes
   488 | D:1      | Reached ** piety under Lugonu
   488 | D:1      | Reached skill level 3 in Armour
   803 | D:1      | Reached XP level 3. HP: 33/33 MP: 3/3
  1045 | D:2      | Reached XP level 4. HP: 27/41 MP: 4/4
  1280 | D:2      | Reached skill level 5 in Fighting
  1330 | D:2      | Reached XP level 5. HP: 36/48 MP: 5/5
  1333 | D:2      | Upgraded the game from 0.22-a0-422-g9628fc8 to 0.22-a0-425-g89d60a1
  1343 | D:2      | Quit the game

Vault maps used:
D:1:      minmay_arrival_four_circles
D:2:      hangedman_decor_points, st_stairs_8, corexii_leaking_fountain,
          minmay_misc_feat_room

Skill      XL: |  1  2  3  4 |
---------------+-------------+-----
Fighting       | 4 5 |  5.0
Axes           | 3 4 |  4.1
Armour         | 3 4 |  4.1
Dodging        | |  1.1
Invocations    | |  1.7

Action                   |  1- 3 |  4- 6 || total
-------------------------+-------+-------++-------
Melee: Hand axe          |   102 |    43 ||   145
       Headbutt          |    12 |     1 ||    13
  Eat: Chunk             |     1 |     1 ||     2
Armor: Leather armour    |    13 |       ||    13
       Chain mail        |    47 |    26 ||    73
Dodge: Dodged            |    49 |    19 ||    68

Table legend:
 A = Spawn XP
 B = Non-spawn XP
 C = Spawn XP percentage of total XP
 D = Spawn monster count
 E = Non-spawn monster count
 F = Spawn count percentage of total count
 G = Total turns spent on level
                    A         B        C        D         E        F      G
               +---------+---------+-------+---------+---------+-------+---------
         Total |       0 |     199 |   0.0 |       0 |      53 |   0.0 |  1343
               +---------+---------+-------+---------+---------+-------+---------
           D:1 |       0 |      45 |   0.0 |       0 |      30 |   0.0 |   885
           D:2 |       0 |     154 |   0.0 |       0 |      23 |   0.0 |   441
               +---------+---------+-------+---------+---------+-------+---------
